AoeStats
← SARG

Arabia

509461016Analyzed
3v3 RM · 6d ago on Sep 26, 2026· 61m 57s· 6 players
Game mode
Random Map
Map size
Normal (6 player)
Population
200
Speed
Normal
Resources
Standard
Victory
Conquest
Starting age
Dark Age
Ending age
Imperial Age
RankedLock teamsTeams togetherTeam positionsShared explorationLock speedFull tech treeHidden civsTurbo modeCheats
Victory
Defeat
🇨🇴 Vietnamese · Colombia
1108
+16
🇨🇴 Franks · Colombia
1107
+16
🇨🇴 Saracens · Colombia
1104
+16
🇩🇪 Danes · Germany
1136
-18
🇩🇪 Saracens · Germany
1084
-15
🇺🇸 Gurjaras · United States
1082
-15
Delirio
7:59 Loom
10:36 Feudal Age
11:01 Man-at-Arms
12:51 Arson
14:07 Double-Bit Axe
23:26 Castle Age
21:36 Horse Collar
22:08 Fletching
23:09 Padded Archer Armor
32:54 Bow Saw
32:45 Heavy Plow
33:07 Squires
33:12 Scale Mail Armor
35:29 Wheelbarrow
35:38 Wheelbarrow
40:04 Imperial Age
39:09 Hamask
41:40 Conscription
53:23 Heavy Mounted Crossbowman
53:23 Cranequins
54:59 Conscription
55:20 Bloodlines
55:10 Husbandry
60:33 Pikeman
61:31 Chain Mail Armor
61:27 Forging
61:13 Bodkin Arrow
61:33 Leather Archer Armor
janos.zachow
6:58 Loom
9:16 Feudal Age
10:23 Double-Bit Axe
14:28 Town Watch
15:35 Gold Mining
15:45 Fletching
16:03 Horse Collar
18:32 Padded Archer Armor
19:56 Wheelbarrow
25:41 Castle Age
25:45 Crossbowman
26:31 Thumb Ring
28:47 Husbandry
29:43 Bodkin Arrow
30:16 Leather Archer Armor
30:24 Heavy Plow
31:21 Bow Saw
31:39 Bloodlines
33:11 Hand Cart
35:15 Ballistics
43:12 Imperial Age
40:57 Forging
40:52 Scale Barding Armor
43:28 Arbalester
44:47 Heavy Camel Rider
45:57 Chain Barding Armor
46:22 Iron Casting
48:16 Conscription
wonderwild
10:04 Feudal Age
8:59 Loom
16:57 Castle Age
16:10 Stone Mining
17:06 Scale Barding Armor
16:50 Double-Bit Axe
18:09 Bow Saw
21:47 Horse Collar
29:42 Wheelbarrow
30:37 Bloodlines
30:24 Gold Mining
31:48 Kshatriyas
32:14 Hand Cart
32:40 Chain Barding Armor
33:21 Forging
37:50 Imperial Age
35:36 Husbandry
36:49 Light Cavalry
37:22 Fletching
37:44 Heavy Plow
37:59 Siege Elephant
39:59 Conscription
39:24 Heavy Camel Rider
41:02 Plate Barding Armor
42:07 Frontier Guards
43:28 Elite Skirmisher
43:38 Elite Elephant Archer
46:08 Iron Casting
45:53 Padded Archer Armor
45:48 Bodkin Arrow
46:49 Scale Mail Armor
48:23 Thumb Ring
49:48 Elite Chakram Thrower
50:49 Chain Mail Armor
51:42 Bracer
51:58 Leather Archer Armor
56:48 Town Watch
SG7
6:41 Loom
9:46 Feudal Age
17:07 Fletching
17:23 Double-Bit Axe
17:45 Padded Archer Armor
23:42 Castle Age
23:13 Bloodlines
23:12 Scale Barding Armor
23:18 Forging
31:32 Chain Barding Armor
36:25 Imperial Age
34:22 Pikeman
35:03 Squires
34:48 Arson
35:13 Scale Mail Armor
36:50 Bodkin Arrow
37:31 Iron Casting
37:12 Chain Mail Armor
36:39 Cavalier
39:31 Plate Barding Armor
39:00 Bracer
45:49 Wheelbarrow
46:24 Hand Cart
52:10 Halberdier
56:52 Town Watch
60:57 Thumb Ring
61:55 Light Cavalry
TEFI*
11:40 Feudal Age
12:11 Loom
21:26 Castle Age
20:21 Double-Bit Axe
23:01 Stone Mining
23:57 Forging
26:20 Gold Mining
30:15 Scale Barding Armor
30:55 Husbandry
33:06 Wheelbarrow
33:23 Iron Casting
35:17 Hand Cart
36:04 Chain Barding Armor
38:11 Pikeman
38:51 Squires
38:36 Arson
39:02 Scale Mail Armor
40:20 Gold Shaft Mining
41:24 Chain Mail Armor
44:13 Imperial Age
44:59 Elite Throwing Axeman
46:19 Cavalier
56:56 Paladin
SARG
7:56 Loom
9:47 Feudal Age
13:59 Double-Bit Axe
13:56 Horse Collar
15:06 Wheelbarrow
22:59 Castle Age
20:57 Fletching
21:07 Padded Archer Armor
29:17 Bodkin Arrow
32:04 Elite Skirmisher
39:57 Hand Cart
48:08 Gold Mining
52:45 Thumb Ring
54:02 Hand Cart
57:45 Imperial Age
55:16 Stone Mining
58:42 Murder Holes
58:57 Masonry
59:49 Chemistry
59:51 Elite Mameluke
60:52 Conscription
62:42 Hoardings
Connection lost

Rejoining the realm…

Still unreachable

The connection could not be restored.

Session expired

The server has moved on; the page needs a fresh start.